 Dungeon Crawl Stone Soup version 0.32-a0-913-g739538afd8 (webtiles) character file.

Game seed: 11891828199078130607

63 holysushi the Charlatan (level 3, 0/26 HPs)
             Began as a Demonspawn Wanderer on Apr 7, 2024.
             Slain by Terence
             ... wielding a +2 heavy flail
              (14 damage)
             ... on level 2 of the Dungeon.
             The game lasted 00:05:05 (2064 turns).

holysushi the Charlatan (Demonspawn Wanderer)       Turns: 2064, Time: 00:05:05

Health: 0/26       AC:  5    Str: 11    XL:     3   Next: 87%
Magic:  8/15       EV: 11    Int: 12    God:
Gold:   64         SH:  0    Dex: 15    Spells: 5/6 levels left

rFire   . . .        q - +2 dagger (speed)
rCold   . . .        (no shield)
rNeg    . . .        c - +0 robe
rPois   .            d - +0 helmet
rElec   .            k - +0 cloak
rCorr   .            (no gloves)
SInv    .            j - +0 pair of boots
Will    .....        (no amulet)
Stlth   ++           p - ring of magical power
HPRegen 0.24/turn    (no ring)
MPRegen 0.14/turn

%: no passive effects
@: very slightly contaminated
A: powered by pain 1
a: no special abilities


You were on level 2 of the Dungeon.
You visited 1 branch of the dungeon, and saw 2 of its levels.

You collected 64 gold pieces.

Inventory:

Hand Weapons
 q - a +2 dagger of speed (weapon)
Armour
 c - a +0 robe (worn)
 d - a +0 helmet (worn)
 j - a +0 pair of boots (worn)
 k - a +0 cloak (worn)
Jewellery
 e - an amulet of faith
 p - a ring of magical power (left hand)
Scrolls
 a - a scroll of brand weapon {unknown}
 f - a scroll of revelation {unknown}
 g - a scroll of identify {unknown}
 i - a scroll of fog {unknown}
 l - a scroll of noise {unknown}
 n - a scroll of summoning {unknown}
 o - a scroll of teleportation {unknown}
Potions
 b - a potion of curing
 h - a potion of invisibility {unknown}
 m - a potion of cancellation {unknown}


   Skills:
 + Level 1.5 Fighting
 + Level 1.2 Short Blades
 + Level 1.2 Dodging
 - Level 1.0 Stealth
 - Level 2.0 Spellcasting
 - Level 2.5 Necromancy
 + Level 2.4 Earth Magic
 - Level 3.0 Evocations


You had 5 spell levels left.
You knew the following spells:

 Your Spells              Type           Power      Damage    Failure   Level
a - Sandblast             Erth           12%        2d6       11%         1

Your spell library contained the following spells:

 Spells                   Type           Power      Damage    Failure   Level
 Sublimation of Blood     Necr           7%         N/A       14%         2
 Cigotuvi's Dreadful Rot  Necr/Alch/Air  6%         N/A       28%         2
 Stone Arrow              Conj/Erth      8%         3d7       45%         3
 Animate Armour           Summ/Erth      8%         N/A       86%         4
 Leda's Liquefaction      Alch/Erth      2%         N/A       86%         4
 Lehudib's Crystal Spear  Conj/Erth      2%         10d2      100%        8


Dungeon Overview and Level Annotations

Branches:
Dungeon (2/15) Zot: 9909

Altars:

Shops:
D:1 (!((?

Annotations:
D:2 Terence


Innate Abilities, Weirdness & Mutations

You sometimes gain a little power by taking damage.


Message History

The blast of sand hits Terence.
Terence is moderately wounded.
Terence misses you.
An endoplasm comes into view.
Casting: Sandblast (safe; 11% risk of failure)
Confirm with . or Enter, or press ? or * to list all spells.
Aiming: Sandblast (safe; 11% risk of failure)
Press: ? - help, Shift-Dir - straight line, f/p - Terence
Aim: Terence, wielding a +2 heavy flail and wearing a +0 ring mail (moderately wounded, 83% to hit)
The blast of sand hits Terence but does no damage.
Terence is moderately wounded.
Terence hits you with a +2 heavy flail.
Casting: Sandblast (safe; 11% risk of failure)
Confirm with . or Enter, or press ? or * to list all spells.
Aiming: Sandblast (safe; 11% risk of failure)
Press: ? - help, Shift-Dir - straight line, f/p - Terence
Aim: Terence, wielding a +2 heavy flail and wearing a +0 ring mail (moderately wounded, 83% to hit)
The blast of sand hits Terence.
Terence is heavily wounded.
Terence hits you with a +2 heavy flail!
Casting: Sandblast (safe; 11% risk of failure)
Confirm with . or Enter, or press ? or * to list all spells.
Aiming: Sandblast (safe; 11% risk of failure)
Press: ? - help, Shift-Dir - straight line, f/p - Terence
Aim: Terence, wielding a +2 heavy flail and wearing a +0 ring mail (heavily wounded, 83% to hit)
The blast of sand hits Terence but does no damage.
Terence is heavily wounded.
Terence barely misses you.
Casting: Sandblast (safe; 11% risk of failure)
Confirm with . or Enter, or press ? or * to list all spells.
Aiming: Sandblast (safe; 11% risk of failure)
Press: ? - help, Shift-Dir - straight line, f/p - Terence
Aim: Terence, wielding a +2 heavy flail and wearing a +0 ring mail (heavily wounded, 83% to hit)
The blast of sand misses Terence.
The blast of sand hits the endoplasm!
You kill the endoplasm!
Terence says, "How do you enjoy it?" Terence hits you with a +2 heavy flail!
Ouch! That really hurt!
You die...
Terence says, "Time to find some more victims."

..## # ####.# ..
.# .## #. .# ###.
# ...## # ......#
.... ....<....
..# .⌠.....⌠.#
#@# ........#
#####@#
..⌠.⌠..####.....#
#+.....#
#......## †.....#
#......#
...#.#####......#
.............####
.............#
.............#
.............#


You could see Terence.

Vanquished Creatures
  2 adders (D:2)
  A dart slug (D:1)
  3 bats
  An endoplasm (D:2)
  3 giant cockroaches (D:2)
  2 goblins
  8 hobgoblins
  7 jackals (D:2)
  2 quokkas (D:1)
  A ball python (D:2)
  2 frilled lizards (D:2)
  5 kobolds (D:1)
  2 rats
39 creatures vanquished.

Notes
Turn   | Place    | Note
-------+----------+-------------------------------------------
     0 | D:1      | holysushi the Demonspawn Wanderer began the quest for the
                  | Orb.
     0 | D:1      | holysushi set off with the following items: a +0 dagger, a
                  | potion of curing, a +0 robe, a +0 helmet; and the following
                  | spell memorised: Sandblast; and the following spells
                  | available to memorise: Sublimation of Blood, Cigotuvi's
                  | Dreadful Rot, Animate Armour, Leda's Liquefaction.
     0 | D:1      | Reached XP level 1. HP: 13/13 MP: 3/3
    27 | D:1      | Found Enupn's Antique Weapon Boutique.
    34 | D:1      | Found Acebb's Weapon Emporium.
    88 | D:1      | Found Uperrua's Magic Scroll Shop.
   328 | D:1      | Found Xicuschu's Weapon Emporium.
   347 | D:1      | Found Wimeobi's Distillery.
   471 | D:1      | Gained mutation: You sometimes gain a little power by
                  | taking damage. [demonic ancestry]
   471 | D:1      | Reached XP level 2. HP: 20/20 MP: 5/5
  1400 | D:2      | Reached skill level 1 in Fighting
  1400 | D:2      | Reached skill level 1 in Short Blades
  1400 | D:2      | Reached XP level 3. HP: 26/26 MP: 3/6
  1501 | D:2      | Reached skill level 1 in Dodging
  2055 | D:2      | Noticed Terence
  2064 | D:2      | Slain by Terence

Illustrated notes

Levels and vault maps discovered:
D:1:      shiori_shiawase, layout_basic, serial_shops, shop,
          nicolae_shop_waterfront, nicolae_shop_tiny_statue_garden, shop,
          nicolae_shop_tiny_statue_garden, corner_web_ring
D:2:      layout_basic, grunt_ministairs_9, uniq_terence

Skill      XL: |  1  2  3 |
---------------+----------+-----
Earth Magic    | 2 |  2.4
Fighting       | 1 |  1.5
Short Blades   | 1 |  1.2
Dodging        | 1 |  1.2
Stealth        | |  1.0
Spellcasting   | |  2.0
Necromancy     | |  2.5
Evocations     | |  3.0

Action                     || total
---------------------------++-------
  Melee: Dagger            ||    67
   Cast: Sandblast         ||    57
 Armour: Robe              ||    66
  Dodge: Dodged            ||    68

Table legend: (Time is in decaauts)
 A = Elapsed time spent in this place.
 B = Non-inter-level travel time spent in this place.
 C = Inter-level travel time spent in this place.
 D = Time resting spent in this place.
 E = Time spent auto-exploring this place.
 F = Levels seen in this place.
 G = Mean time per level.
                   A        B        C        D        E       F      G
               +--------+--------+--------+--------+--------+-----+--------+
         Total |   2088 |   1972 |    116 |    142 |   1390 |   2 | 1044.0 |
       Dungeon |   2088 |   1972 |    116 |    142 |   1390 |   2 | 1044.0 |
               +--------+--------+--------+--------+--------+-----+--------+

Top non-repeatable levels by time:
     D:1: 1267 daAuts
     D:2: 821 daAuts
